 Dungeon Crawl Stone Soup version 0.21-a0-41-g5e91fef (webtiles) character file.

12277 roguesci the Nimble (level 11, -2/93 HPs)
             Began as a Purple Draconian Ice Elementalist on June 3, 2017.
             Was an Elder of Kikubaaqudgha.
             Slain by a wraith (10 damage)
             ... led by Josephine
             ... on level 11 of the Dungeon on June 4, 2017.
             The game lasted 01:14:47 (16989 turns).

roguesci the Nimble (DrIE)                         Turns: 16989, Time: 01:14:48

Health: -2/93      AC: 11    Str: 10    XL:     11   Next: 60%
Magic:  18/22      EV: 15    Int: 21    God:    Kikubaaqudgha [****..]
Gold:   129        SH:  4    Dex: 12    Spells: 11/24 levels left

rFire    . . .     SeeInvis .   I - +1 dagger of the Thoughtful Realms {flame, Stlth+}
rCold    . . .     Gourm    .   D - +0 buckler
rNeg     . . .     Faith    .   (armour unavailable)
rPois    +         Spirit   .   (helmet restricted)
rElec    .         Reflect  .   K - +0 cloak
rCorr    .         Harm     .   s - +1 pair of gloves {archery}
MR       +....                  v - +0 pair of boots
Stlth    ++++......             (no amulet)
Regen    1.3/turn               c - +2 ring of intelligence
MPRegen  0.2/turn               (no ring)

@: berserk cooldown, regenerating, slowed, heavily drained, very slow
A: breathe power, unfitting armour, horns 1, stinger 1, mutation resistance 1,
poison resistance, cold-blooded, AC +7
a: Breathe Dispelling Energy, Receive Corpses, Renounce Religion


You were on level 11 of the Dungeon.
You worshipped Kikubaaqudgha.
Kikubaaqudgha was greatly pleased with you.
You were hungry.

You visited 2 branches of the dungeon, and saw 12 of its levels.
You also visited: Ossuary.

You collected 485 gold pieces.
You spent 356 gold pieces at shops.

Inventory:

Hand Weapons
 I - the +1 dagger of the Thoughtful Realms (weapon) {flame, Stlth+}
   (You bought it in a shop on level 6 of the Dungeon)

   It has been specially enchanted to burn those struck by it, causing extra
   injury to most foes and up to half again as much damage against particularly
   susceptible opponents.
   It makes you more stealthy.
Missiles
 i - 281 stones (quivered)
Armour
 s - a +1 pair of gloves of archery (worn)
 v - a +0 pair of boots (worn)
 D - a +0 buckler (worn)
 K - a +0 cloak (worn)
Jewellery
 c - a +2 ring of intelligence (left hand)
Wands
 m - a wand of iceblast (14/15)
 U - a wand of digging (12/24)
Scrolls
 d - 3 scrolls of remove curse
 e - 4 scrolls of recharging
 n - 4 scrolls of teleportation
 o - 7 scrolls of noise {unknown}
 p - 2 scrolls of identify
 q - a scroll of vulnerability {unknown}
 r - 2 scrolls of enchant weapon {unknown}
 u - a scroll of enchant armour {unknown}
 w - 3 scrolls of fog {unknown}
 y - 3 scrolls of random uselessness {unknown}
 C - a scroll of amnesia {unknown}
 H - 2 scrolls of blinking {unknown}
 P - a scroll of magic mapping {unknown}
 T - a scroll of fear {unknown}
Potions
 g - a potion of brilliance
 h - a potion of might
 j - 2 potions of resistance
 k - 3 potions of flight
 x - a potion of haste {unknown}
 z - 3 potions of mutation
 A - 3 potions of ambrosia
 F - a potion of cancellation {unknown}
 L - 2 potions of lignification
Books
 a - a book of Frost

   Spells                             Type                      Level
   a - Freeze                         Ice                          1
   b - Throw Frost                    Conjuration/Ice              2
   c - Ozocubu's Armour               Charms/Ice                   3
   d - Throw Icicle                   Conjuration/Ice              4
   e - Summon Ice Beast               Ice/Summoning                4
 f - Kikubaaqudgha's Guide on Black Arts
   (Kikubaaqudgha gifted it to you in an ossuary)

   Spells                             Type                      Level
   a - Animate Skeleton               Necromancy                   1
   b - Corpse Rot                     Necromancy                   2
   c - Sublimation of Blood           Necromancy                   2
   d - Vampiric Draining              Necromancy                   3
   e - Control Undead                 Necromancy                   4
 G - a book of Necromancy

   Spells                             Type                      Level
   a - Pain                           Necromancy                   1
   b - Animate Skeleton               Necromancy                   1
   c - Vampiric Draining              Necromancy                   3
   d - Regeneration                   Charms/Necromancy            3
   e - Animate Dead                   Necromancy                   4
   f - Control Undead                 Necromancy                   4
 R - Kikubaaqudgha's Reference Book on Sinister Rites
   (Kikubaaqudgha gifted it to you on level 8 of the Dungeon)

   Spells                             Type                      Level
   a - Animate Dead                   Necromancy                   4
   b - Excruciating Wounds            Charms/Necromancy            5
   c - Cigotuvi's Embrace             Necromancy                   5
   d - Dispel Undead                  Necromancy                   5
   e - Death Channel                  Necromancy                   6
 W - a book of Air

   Spells                             Type                      Level
   a - Shock                          Conjuration/Air              1
   b - Swiftness                      Charms/Air                   2
   c - Static Discharge               Conjuration/Air              3
   d - Airstrike                      Air                          4
   e - Lightning Bolt                 Conjuration/Air              5
Miscellaneous
 M - a lamp of fire
 N - a phial of floods
Comestibles
 b - a bread ration
 t - 5 meat rations
 B - 4 chunks of flesh


   Skills:
 + Level 7.7(6.3) Fighting
 + Level 5.6(4.3) Short Blades
 * Level 8.1(6.7) Dodging
 + Level 5.6(4.3) Stealth
 - Level 4.0(2.7) Shields
 + Level 7.3(6.0) Spellcasting
   Level 1.0(0.0) Conjurations
 + Level 7.1(5.7) Charms
 + Level 4.8(3.5) Necromancy
 + Level 6.7(5.4) Ice Magic


You had 11 spell levels left.
You knew the following spells:

 Your Spells              Type           Power        Failure   Level  Hunger
a - Freeze                Ice            ####         1%          1    None
b - Ozocubu's Armour      Chrm/Ice       ####....     3%          3    ##.....
c - Animate Skeleton      Necr           N/A          2%          1    None
d - Vampiric Draining     Necr           ###.......   8%          3    ##.....
e - Regeneration          Chrm/Necr      ####......   4%          3    ##.....
f - Swiftness             Chrm/Air       ###.....     5%          2    None


Dungeon Overview and Level Annotations

Branches:
Dungeon (11/15)            Temple (1/1) D:4             Orc (0/2) D:9
   Lair: D:8-11

Altars:
Ashenzari
Cheibriados
Dithmenos
Elyvilon
Fedhas
Gozag
Hepliaklqana
Kikubaaqudgha
Makhleb
Nemelex Xobeh
Okawaru
Qazlal
Ru
Sif Muna
Trog
Uskayaw
Vehumet
Wu Jian
Xom
Yredelemnul
Zin
The Shining One

Shops:
D:4 ((*   D:6 (   D:7 [*%   D:11 [

Annotations:
D:7 1 runed door


Innate Abilities, Weirdness & Mutations

You can breathe bolts of dispelling energy.
Your rich purple scales are hard. (AC +7)
You cannot fit into any form of body armour.
You are cold-blooded and may be slowed by cold attacks.
You have a pair of small horns on your head.
Your tail ends in a poisonous barb.
You are somewhat resistant to further mutation.
Your system is resistant to poisons. (rPois)


Message History

The wraith hits you but does no damage.
A hound comes into view.
The hound barks!
You hit the wraith but do no damage.
Your tail-slap misses the wraith.
The wraith is moderately damaged.
The wraith hits you!
* * * LOW HITPOINT WARNING * * *
The wraith drains your vigour!
You feel as though you will be slow longer.
You feel a strong urge to attack something.
You are too berserk!
You are no longer berserk.
You pass out from exhaustion.
You feel as though you will be slow longer.
You can move again.
Casting: Regeneration
Confirm with . or Enter, or press ? or * to list all spells.
Your skin crawls.
The wraith hits you!
You die...
Kikubaaqudgha rasps: "You have failed me!
Welcome... death!"

###.###
#.# #.#
#.# #.#
#.#
##.#
#..#
#@##
#W# #.#
#W# #W#
#.# #W#
.h. ...


You could see 4 wraiths and a hound.

Vanquished Creatures
  Josephine (D:11)
  2 two-headed ogres (D:9)
  An unseen horror (D:11)
  Pikel (D:4)
  A manticore (D:7)
  A cyclops (D:7)
  A gargoyle (D:10)
  2 trolls
  Grinder (D:4)
  A hippogriff (D:7)
  Sigmund (D:5)
  Eustachio (D:4)
  2 hungry ghosts
  A water moccasin (D:5)
  8 orc warriors
  An ice beast (D:10)
  A necrophage (D:7)
  2 slaves (D:4)
  An eye of draining (D:7)
  A phantom (D:8)
  3 sky beasts
  3 ogres
  6 centaurs
  3 big kobolds
  2 crocodiles
  9 bullfrogs
  A gnoll sergeant (D:10)
  A wyvern zombie (D:10)
  A water moccasin zombie (Ossuary)
  A water moccasin skeleton (D:7)
  6 scorpions
  12 killer bees
  10 wights
  5 crimson imps
  4 bullfrog skeletons
  4 bullfrog zombies
  10 orc priests
  5 jellies
  5 hounds
  2 centaur zombies
  7 orc wizards
  6 iguanas
  9 worker ants
  A killer bee zombie (D:7)
  2 big kobold zombies (Ossuary)
  2 hound zombies (D:8)
  2 mummies (Ossuary)
  4 gnolls
  12 adders
  2 shadow imps
  An ooze (D:3)
  6 adder zombies
  3 adder skeletons
  2 worms
  3 dart slugs
  3 leopard geckos
  39 orcs
  2 ball pythons
  2 giant cockroaches
  9 goblins
  6 hobgoblins
  20 kobolds
  4 quokkas
  7 bats
  3 gnoll zombies (Ossuary)
  5 hobgoblin zombies (Ossuary)
  4 kobold zombies (Ossuary)
  4 orc zombies (Ossuary)
  13 rats
307 creatures vanquished.

Vanquished Creatures (others)
  An orc (D:4)
  4 plants (D:11)
5 creatures vanquished.

Grand Total: 312 creatures vanquished

Notes
Turn   | Place    | Note
-------+----------+-------------------------------------------
     0 | D:1      | roguesci the Draconian Ice Elementalist began the quest for the Orb.
     0 | D:1      | Reached XP level 1. HP: 14/14 MP: 3/3
   384 | D:1      | Reached skill level 1 in Fighting
   384 | D:1      | Reached skill level 2 in Dodging
   384 | D:1      | Reached XP level 2. HP: 12/23 MP: 0/5
  1022 | D:1      | Reached XP level 3. HP: 23/28 MP: 2/6
  1031 | D:1      | Learned a level 3 spell: Ozocubu's Armour
  1743 | D:2      | Found a shadowy altar of Dithmenos.
  2089 | D:2      | You fall through a shaft!
  2097 | D:3      | Reached skill level 1 in Charms
  2097 | D:3      | Reached XP level 4. HP: 23/36 MP: 3/7
  3088 | D:3      | Found a bloodstained altar of Trog.
  3132 | D:4      | Found a staircase to the Ecumenical Temple.
  3147 | Temple   | Entered the Ecumenical Temple
  3271 | Temple   | Became a worshipper of Kikubaaqudgha
  3292 | D:4      | Reached XP level 5. HP: 41/41 MP: 5/9
  3311 | D:4      | Reached skill level 1 in Short Blades
  3450 | D:4      | Found Pantose's Assorted Antiques.
  3684 | D:4      | Found an opulent altar of Gozag.
  3698 | D:4      | Found Hahiy's Weapon Boutique.
  3837 | D:4      | Noticed a slave
  3838 | D:4      | Noticed a slave
  3839 | D:4      | Noticed Pikel
  3868 | D:4      | Killed a slave
  3898 | D:4      | Killed a slave
  4036 | D:4      | Noticed a slave
  4038 | D:4      | Noticed a slave
  4058 | D:4      | Killed Pikel
  4058 | D:4      | Reached skill level 3 in Dodging
  4058 | D:4      | Reached XP level 6. HP: 18/52 MP: 6/11
  4058 | D:4      | Your scales start taking on a rich purple colour.
  4058 | D:4      | Reached XP level 7. HP: 20/58 MP: 7/13
  4383 | D:4      | Noticed Eustachio
  4393 | D:4      | Killed Eustachio
  4447 | D:4      | Found a shattered altar of Ashenzari.
  4494 | D:4      | Noticed Grinder
  4528 | D:4      | Killed Grinder
  4528 | D:4      | Reached skill level 4 in Dodging
  4528 | D:4      | Reached XP level 8. HP: 36/67 MP: 14/14
  4690 | D:4      | Found Caotoog's Antique Weapon Shop.
  4811 | D:5      | Entered Level 5 of the Dungeon
  4883 | D:5      | Found a white marble altar of Elyvilon.
  5025 | D:5      | Found a sand-covered staircase.
  5041 | Ossuary  | Entered an ossuary
  5270 | Ossuary  | Reached skill level 5 in Fighting
  5378 | Ossuary  | Reached * piety under Kikubaaqudgha
  5378 | Ossuary  | Identified Kikubaaqudgha's Guide on Black Arts (Kikubaaqudgha gifted it to you in an ossuary)
  5378 | Ossuary  | Received a gift from Kikubaaqudgha
  5384 | Ossuary  | Learned a level 1 spell: Animate Skeleton
  5388 | Ossuary  | Learned a level 3 spell: Vampiric Draining
  5949 | D:5      | Noticed Sigmund
  5959 | D:5      | Killed Sigmund
  5959 | D:5      | Reached skill level 1 in Shields
  5959 | D:5      | Reached skill level 5 in Spellcasting
  6367 | D:5      | Reached skill level 5 in Charms
  6848 | D:6      | Reached skill level 5 in Dodging
  6887 | D:6      | Gained mutation: Your tail ends in a poisonous barb. [mutagenic meat]
  6888 | D:6      | Gained mutation: Your system is resistant to poisons. (rPois) [mutagenic meat]
  6889 | D:6      | Gained mutation: You have a pair of small horns on your head. [mutagenic meat]
  6890 | D:6      | Gained mutation: You are somewhat resistant to further mutation. [mutagenic meat]
  6926 | D:6      | Reached XP level 9. HP: 70/74 MP: 16/16
  7247 | D:6      | Found a blossoming altar of Fedhas.
  7301 | D:6      | Reached ** piety under Kikubaaqudgha
  7346 | D:6      | Found Qetityaq's Antique Weapon Shop.
  7354 | D:6      | Bought a dazzling dagger for 154 gold pieces
  7354 | D:6      | Identified the cursed +1 dagger of the Thoughtful Realms {flame, Stlth+} (You bought it in a shop on level 6 of the Dungeon)
  7384 | D:6      | Found a white marble altar of Elyvilon.
  7558 | D:6      | Found a stormy altar of Qazlal.
  7650 | D:7      | Found an ornate altar of the Wu Jian Council.
  7747 | D:7      | Found a deep blue altar of Sif Muna.
  7918 | D:7      | Found Zasogec's Food Boutique.
  8004 | D:7      | Reached skill level 5 in Ice Magic
  8023 | D:7      | Found Faisyph's General Store.
  8042 | D:7      | Noticed an angel
  8043 | D:7      | Found a shimmering altar of Xom.
  8045 | D:7      | Found a glowing silver altar of Zin.
  8084 | D:7      | Found Tyiviq's Armour Shoppe.
  8206 | D:7      | Reached skill level 1 in Necromancy
  8381 | D:7      | Got a crystal quarterstaff {flame}
  8499 | D:7      | Noticed a manticore
  8523 | D:7      | Killed a manticore
  8838 | D:7      | Reached skill level 6 in Dodging
  8840 | D:7      | Noticed a cyclops
  8870 | D:7      | Found a runed door.
  8870 | D:7      | Found a runed door.
  9128 | D:7      | Learned a level 3 spell: Regeneration
  9354 | D:7      | Killed a cyclops
  9632 | D:7      | Reached XP level 10. HP: 83/83 MP: 7/18
 10324 | D:8      | Reached *** piety under Kikubaaqudgha
 10324 | D:8      | Identified Kikubaaqudgha's Reference Book on Sinister Rites (Kikubaaqudgha gifted it to you on level 8 of the Dungeon)
 10324 | D:8      | Received a gift from Kikubaaqudgha
 11679 | D:9      | Noticed a two-headed ogre
 11697 | D:9      | Killed a two-headed ogre
 11697 | D:9      | Reached skill level 7 in Dodging
 11939 | D:9      | Noticed a two-headed ogre
 11960 | D:9      | Killed a two-headed ogre
 11960 | D:9      | Reached skill level 5 in Stealth
 12368 | D:9      | Reached skill level 5 in Short Blades
 12618 | D:9      | Reached **** piety under Kikubaaqudgha
 12623 | D:9      | Found a staircase to the Orcish Mines.
 12706 | D:9      | Reached XP level 11. HP: 92/92 MP: 21/21
 12718 | D:9      | Found a snail-covered altar of Cheibriados.
 12966 | D:9      | Found a burning altar of Makhleb.
 13047 | D:10     | Entered Level 10 of the Dungeon
 14345 | D:10     | Found an ancient bone altar of Kikubaaqudgha.
 14517 | D:10     | Learned a level 2 spell: Swiftness
 15761 | D:11     | Killed an unseen horror
 16446 | D:11     | Reached skill level 8 in Dodging
 16805 | D:11     | Found Riroqen's Antique Armour Boutique.
 16809 | D:11     | Bought a pair of embroidered gloves for 202 gold pieces
 16940 | D:11     | Noticed Josephine
 16983 | D:11     | Killed Josephine
 16989 | D:11     | Slain by a wraith

Vault maps used:
D:1:      roderic_octagonal_star
D:2:      cheibrodos_helix_gallery, grunt_dithmenos_smoke
D:3:      lightli_temple_of_fire, first_bread
D:4:      lemuel_coloured_pillars_altar, nicolae_gozag_seed_capital,
          minmay_temple_entry_statues_pillars, serial_shops, nicolae_shop_trees,
          nicolae_shop_competitors_out_of_business, nicolae_shop_waterfront,
          uniq_eustachio, uniq_grinder, uniq_pikel
D:5:      elyvilon_altar_4, nicolae_ossuary_entry_ruins, uniq_sigmund
D:6:      grunt_temple_overflow_forces_of_nature, basic_altar, serial_shops,
          nicolae_shop_overgrown_old_shop
D:7:      minmay_the_grid_four_pointed_star,
          grunt_temple_overflow_order_and_chaos_1, led_sif_pool,
          lemuel_doored_altar, serial_shops, shop, nicolae_shop_behind_doors,
          nicolae_shop_temple_entry_statues_fountains
D:9:      cheibriados_altar_1, kennysheep_mini, david_orc_4
D:10:     basic_altar
D:11:     dpeg_oklobed_lair, serial_shops, nicolae_shop_behind_doors,
          grunt_livestock, minmay_misc_feat_more_columns, uniq_josephine
Temple:   nicolae_temple_figure_zero
Ossuary:  ossuary_tomb_2

Skill      XL: |  1  2  3  4  5  6  7  8  9 10 11 |
---------------+----------------------------------+-----
Fighting       | 1 2 3 4 5 6 7 |  7.7
Dodging        | 2 3 4 5 6 7 8 |  8.1
Stealth        | 2 3 4 5 |  5.6
Charms         | 1 2 3 4 5 6 7 |  7.1
Short Blades   | 2 4 5 |  5.6
Spellcasting   | 3 4 5 6 7 |  7.3
Ice Magic      | 4 5 6 |  6.7
Shields        | 1 3 4 |  4.0
Necromancy     | 2 3 4 |  4.8
Conjurations   | |  1.0

Action                   |  1- 3 |  4- 6 |  7- 9 | 10-12 || total
-------------------------+-------+-------+-------+-------++-------
Melee: Unarmed           |     6 |       |       |       ||     6
       Dagger            |    40 |   132 |   574 |   929 ||  1675
       Tailslap          |     4 |    15 |    84 |   102 ||   205
       Headbutt          |       |       |    39 |   154 ||   193
Throw: Stone             |     8 |       |    46 |     9 ||    63
 Cast: Freeze            |    46 |     6 |    41 |    41 ||   134
       Ozocubu's Armour  |     2 |     4 |    20 |    25 ||    51
       Vampiric Draining |       |       |     8 |    32 ||    40
       Regeneration      |       |       |     1 |    29 ||    30
 Abil: Breathe Dispellin |       |       |     5 |    19 ||    24
Evoke: Wand              |       |       |       |     1 ||     1
  Use: Potion            |       |     2 |    12 |    10 ||    24
       Scroll            |       |     3 |     7 |     8 ||    18
 Stab: Sleeping          |       |     6 |    11 |    13 ||    30
       Distracted        |       |       |     1 |     3 ||     4
  Eat: Chunk             |     4 |     3 |    14 |    20 ||    41
       Royal jelly       |       |     2 |     1 |       ||     3
       Bread ration      |       |       |     2 |     3 ||     5
       Meat ration       |       |       |       |     2 ||     2
Armor: Skin              |    28 |    43 |   155 |   260 ||   486
Dodge: Dodged            |    36 |    82 |   387 |   576 ||  1081
Block: Buckler           |       |       |    53 |   171 ||   224
